 Dungeon Crawl Stone Soup version 0.31.0-9-g3a7656b989 (webtiles) character file.

Game seed: 15505091008365316896

268 monsoonserge the Shooter (level 6, 0/44 HPs)
             Began as a Formicid Hexslinger on Jan 24, 2024.
             Slain by an orc
             ... wielding a +0 mace
              (5 damage)
             ... on level 4 of the Dungeon.
             The game lasted 00:14:01 (2686 turns).

monsoonserge the Shooter (Formicid Hexslinger)      Turns: 2686, Time: 00:14:02

Health: 0/44       AC:  4    Str: 12    XL:     6   Next: 45%
Magic:  4/7        EV: 12    Int: 19    God:
Gold:   264        SH:  0    Dex: 18    Spells: 2/7 levels left

rFire   + . .        a - +1 sling
rCold   . . .        (no shield)
rNeg    . . .        k - +1 robe {rF+}
rPois   .            (helmet unavailable)
rElec   .            (no cloak)
rCorr   .            s - +0 pair of gloves
SInv    +            (no boots)
Will    .....        (no amulet)
Stlth   ++           l - ring of flight
HPRegen 0.27/turn    t - +6 ring of intelligence
MPRegen 0.10/turn

%: no passive effects
@: weak-willed, attractive, jinxed, flying
A: permanent stasis, dig shafts and tunnels, antennae 3, four strong arms
a: Dig, Shaft Self


You were on level 4 of the Dungeon.
You visited 1 branch of the dungeon, and saw 4 of its levels.

You collected 264 gold pieces.

Inventory:

Hand Weapons
 a - a +1 sling (weapon)
Missiles
 n - 4 poisoned darts
Armour
 g - a +0 ring mail
 k - a +1 robe of fire resistance (worn)
 s - a +0 pair of gloves (worn)
Jewellery
 l - a ring of flight (left hand)
 t - a +6 ring of intelligence (right hand)
Scrolls
 b - 3 scrolls of poison
 c - a scroll of silence {unknown}
 d - a scroll of noise {unknown}
 e - 3 scrolls of enchant armour {unknown}
 f - a scroll of brand weapon {unknown}
 h - a scroll of revelation {unknown}
 i - a scroll of vulnerability {unknown}
 j - a scroll of acquirement {unknown}
 o - 2 scrolls of teleportation {unknown}
 q - 3 scrolls of identify {unknown}
 r - 3 scrolls of blinking {unknown}
Potions
 p - a potion of cancellation


   Skills:
 + Level 2.2 Fighting
 * Level 5.1 Ranged Weapons
 + Level 0.4 Armour
 + Level 1.9 Dodging
 + Level 1.1 Stealth
 + Level 1.3 Spellcasting
 + Level 4.3 Hexes
 * Level 1.7 Fire Magic


You had 2 spell levels left.
You knew the following spells:

 Your Spells              Type           Power      Damage    Failure   Level
a - Jinxbite              Hex            34%        N/A       4%          2
b - Inner Flame           Hex/Fire       12%        N/A       16%         3

Your spell library contained the following spells:

 Spells                   Type           Power      Damage    Failure   Level
 Call Imp                 Summ           2%         N/A       28%         2
 Sublimation of Blood     Necr           1%         N/A       28%         2
 Sigil of Binding         Hex            17%        N/A       9%          3
 Cause Fear               Hex            8%         N/A       30%         4
 Dimensional Bullseye     Hex/Tloc       4%         N/A       58%         4
 Summon Hydra             Summ           0%         N/A       100%        7


Dungeon Overview and Level Annotations

Branches:
Dungeon (4/15)
 Temple: D:4-7

Altars:
Trog


Innate Abilities, Weirdness & Mutations

You cannot be hasted, slowed, berserked, paralysed or teleported.
You can dig through walls and to a lower floor.
You have a pair of large antennae on your head. (SInv)
Your four strong arms can wield two-handed weapons with a shield.


Message History

The jackal barely misses you.
Casting: Jinxbite (safe; 4% risk of failure)
Confirm with . or Enter, or press ? or * to list all spells.
You beckon some vexing sprites to accompany your attacks.
You feel your willpower being sapped.
The jackal bites you but does no damage.
Fire: a) +1 sling
Press: ? - help, Q - select action, (/) - cycle Shift-Dir - straight line, f/p - jackal
Aim: a jackal (moderately wounded, chance to call a sprite on attack: 67%, 56% to hit)
You shoot a sling bullet.
The sling bullet barely misses the jackal.
A giggling sprite leaps out and makes the jackal trip over its own paws.
You kill the jackal!
You start resting.
The sprites lose interest in your situation.
You start resting.
An orc comes into view. It is wielding a +0 mace.
The orc is attracted toward you. The orc is attracted toward you.
Casting: Jinxbite (safe; 4% risk of failure)
Confirm with . or Enter, or press ? or * to list all spells.
You beckon some vexing sprites to accompany your attacks.
You feel your willpower being sapped.
The orc shouts!
The orc is attracted toward you.
Fire: a) +1 sling
Press: ? - help, Q - select action, (/) - cycle Shift-Dir - straight line, f - orc
Aim: an orc, wielding a +0 mace (chance to call a sprite on attack: 67%, 63% to hit)
You shoot a sling bullet.
The sling bullet closely misses the orc.
A giggling sprite leaps out and bonks the orc with its +0 mace.
The orc is heavily wounded.
The orc completely misses you.
Fire: a) +1 sling
Press: ? - help, Q - select action, (/) - cycle Shift-Dir - straight line, f/p - orc
Aim: an orc, wielding a +0 mace (heavily wounded, heavily drained, chance to call a sprite on attack: 67%, 63% to hit)
You shoot a sling bullet.
The sling bullet closely misses the orc.
The orc hits you with a +0 mace.
You die...

#.......... #............
..............#
..............##
....(..........#
...............#
...............##
................##
................@## ###
#............(...o## #....
##..............#.§###......
##............##..)........
##.......(...#............
###..................§..#
#...........##.........
#..###....####.........
#..#.....## ........##


You could see an orc (very drained).

Vanquished Creatures
  A scorpion (D:3)
  An orc priest (D:4)
  3 gnolls
  7 adders
  4 dart slugs
  A ribbon worm (D:3)
  3 orcs (D:4)
  10 ball pythons
  5 bats
  5 endoplasms
  2 giant cockroaches (D:4)
  6 hobgoblins
  4 jackals (D:4)
  3 quokkas
  4 frilled lizards (D:1)
  5 goblins
  5 kobolds
  6 rats
75 creatures vanquished.

Notes
Turn   | Place    | Note
-------+----------+-------------------------------------------
     0 | D:1      | monsoonserge the Formicid Hexslinger began the quest for
                  | the Orb.
     0 | D:1      | Reached XP level 1. HP: 15/15 MP: 2/2
   166 | D:1      | Reached XP level 2. HP: 21/21 MP: 3/3
   482 | D:1      | Learned a level 2 spell: Jinxbite
   521 | D:1      | Reached XP level 3. HP: 24/26 MP: 4/4
  1100 | D:2      | Reached skill level 3 in Ranged Weapons
  1142 | D:2      | Reached XP level 4. HP: 32/32 MP: 5/5
  1146 | D:2      | Learned a level 3 spell: Inner Flame
  1542 | D:3      | Reached skill level 1 in Stealth
  1642 | D:3      | Found a bloodstained altar of Trog.
  1650 | D:3      | Reached XP level 5. HP: 38/38 MP: 6/6
  1951 | D:3      | Reached skill level 4 in Ranged Weapons
  2392 | D:3      | Reached XP level 6. HP: 24/44 MP: 3/7
  2670 | D:4      | HP: 1/44 [jackal (3)]
  2676 | D:4      | Reached skill level 5 in Ranged Weapons
  2686 | D:4      | Slain by an orc

Illustrated notes

Levels and vault maps discovered:
D:1:      dpeg_arrival_more_subterranean_lakeside_camping, layout_loops_corners,
          minmay_cut_off
D:2:      layout_rooms
D:3:      layout_loops_ring, mainiacjoe_overflow_concentric_impassable
D:4:      layout_cave_pods, grunt_decor_clamped, uniq_eustachio

Skill      XL: |  1  2  3  4  5  6 |
---------------+-------------------+-----
Hexes          | 4 |  4.3
Ranged Weapons | 3 4 5 |  5.1
Stealth        | 1 |  1.1
Fighting       | 2 |  2.2
Armour         | |  0.4
Dodging        | |  1.9
Spellcasting   | |  1.3
Fire Magic     | |  1.7

Action                     |  1- 3 |  4- 6 || total
---------------------------+-------+-------++-------
   Fire: Sling             |    73 |   156 ||   229
   Cast: Jinxbite          |     5 |    18 ||    23
    Use: Potion            |       |     3 ||     3
 Armour: Robe              |     3 |    66 ||    69
         Leather armour    |     9 |       ||     9
  Dodge: Dodged            |    11 |    83 ||    94
